 Dungeon Crawl Stone Soup version 0.30-a0-972-gf3ab3527aa (webtiles) character file.

Game seed: 7046907783108417838

105 DeathPants the Caller (level 4, 0/22 HPs)
             Began as a Vine Stalker Summoner on Mar 31, 2023.
             Slain by Grinder (1 damage)
             ... on level 3 of the Dungeon.
             The game lasted 00:08:10 (2124 turns).

DeathPants the Caller (Vine Stalker Summoner)       Turns: 2124, Time: 00:08:11

Health: 0/22       AC:  2    Str: 12    XL:     4   Next: 83%
Magic:  0/10       EV: 12    Int: 15    God:
Gold:   171        SH:  0    Dex: 15    Spells: 4/10 levels left

rFire   . . .      SeeInvis .    a - +0 dagger (venom)
rCold   . . .      Faith    .    (no shield)
rNeg    . . .      Spirit   +    c - +0 robe
rPois   .          Reflect  .    (no helmet)
rElec   .          Rampage  .    (no cloak)
rCorr   .                        (no gloves)
Will    .....                    (no boots)
Stlth   ++                       (no amulet)
HPRegen 1.03/turn                (no ring)
MPRegen 0.12/turn                (no ring)

@: very slightly contaminated
A: fangs 2, regeneration 1, magic shield, antimagic bite, no potion heal 2
a: no special abilities


You were on level 3 of the Dungeon.
You visited 1 branch of the dungeon, and saw 4 of its levels.

You collected 223 gold pieces.
You spent 52 gold pieces at shops.

Inventory:

Hand Weapons
 a - a +0 dagger of venom (weapon)
 f - a +0 dagger
Missiles
 q - 3 curare-tipped darts
Armour
 c - a +0 robe (worn)
Scrolls
 d - a scroll of amnesia {unknown}
 e - a scroll of magic mapping {unknown}
 h - 3 scrolls of noise {unknown}
 k - 2 scrolls of enchant weapon {unknown}
 n - a scroll of silence {unknown}
 r - a scroll of blinking {unknown}
Potions
 b - a potion of magic
 g - a potion of berserk rage
 i - 2 potions of lignification
 j - a potion of invisibility
 l - 2 potions of curing
 m - a potion of flight
 o - 2 potions of mutation
 p - 2 potions of heal wounds {unknown}


   Skills:
 + Level 1.3 Fighting
 - Level 1.5 Dodging
 - Level 2.4 Stealth
 + Level 3.5 Spellcasting
 + Level 4.9 Summonings


You had 4 spell levels left.
You knew the following spells:

 Your Spells              Type           Power      Damage    Failure   Level
a - Summon Small Mammal   Summ           68%        N/A       2%          1
b - Call Imp              Summ           17%        N/A       3%          2
c - Call Canine Familiar  Summ           17%        N/A       8%          3

Your spell library contained the following spells:

 Spells                   Type           Power      Damage    Failure   Level
 Beastly Appendage        Tmut           4%         N/A       19%         1
 Summon Guardian Golem    Hex/Summ       10%        N/A       21%         3
 Static Discharge         Conj/Air       4%         2-3/arc   28%         2
 Wereblood                Tmut           2%         N/A       28%         2
 Ignite Poison            Fire/Tmut/Pois 2%         N/A       50%         3
 Inner Flame              Hex/Fire       2%         N/A       50%         3
 Spider Form              Tmut/Pois      2%         N/A       50%         3
 Tukima's Dance           Hex            2%         N/A       50%         3
 Vhi's Electric Charge    Tloc/Air       4%         N/A       50%         3
 Summon Lightning Spire   Summ/Air       10%        N/A       56%         4
 Cause Fear               Hex            1%         N/A       88%         4
 Passage of Golubria      Tloc           2%         N/A       88%         4
 Sticky Flame             Conj/Fire      2%         2d3       88%         4
 Arcjolt                  Conj/Air       1%         1d11      99%         5
 Plasma Beam              Fire/Air       1%         2x1d8     99%         5
 Silence                  Hex/Air        1%         N/A       99%         5
 Yara's Violent Unravell  Hex/Tmut       1%         3d3       99%         5
 Discord                  Hex            1%         N/A       100%        8
 Ignition                 Fire           1%         3d3       100%        8
 Lehudib's Crystal Spear  Conj/Erth      1%         10d2      100%        8


Dungeon Overview and Level Annotations

Branches:
Dungeon (4/15)
 Temple: D:4-7

Altars:
Ashenzari

Shops:
D:1 !?

Annotations:
D:3 Grinder


Innate Abilities, Weirdness & Mutations

You have extremely sharp teeth.
Your natural rate of healing is unusually fast.
When hurt, damage is shared between your health and your magic reserves.
Your bite disrupts and absorbs the magic of your enemies.
Potions cannot restore your health.


Message History

Grinder shouts!
Grinder blinks!
Casting: Call Imp (safe; 3% risk of failure)
Press: ? - help, Q - select action, (/) - cycle Dir - look around, f - activate A beastly little devil appears in a puff of flame.
Grinder barely misses you.
Casting: Call Imp (safe; 3% risk of failure)
Confirm with . or Enter, or press ? or * to list all spells.
You miscast Summon Small Mammal.
You are very lightly contaminated with residual magic.
Nothing appears to happen.
A bat comes into view.
Grinder closely misses you.
Casting: Summon Small Mammal (safe; 2% risk of failure)
Confirm with . or Enter, or press ? or * to list all spells.
Grinder zaps a wand.
The puff of flame misses you.
Your crimson imp hits Grinder.
You hit Grinder.
Grinder is lightly wounded.
Your quokka completely misses the bat.
The bat barely misses you. Grinder hits you!
You writhe in agony.
Your crimson imp blinks!
You hit Grinder but do no damage.
Grinder is lightly wounded.
The bat hits you but does no damage. Grinder closely misses you.
The bat closely misses your quokka.
You closely miss the bat. Your bite misses the bat.
The bat completely misses you.
Your quokka barely misses Grinder.
Grinder hits you!
You writhe in agony.
* * * LOW HITPOINT WARNING * * *
The bat closely misses you.
Your quokka closely misses Grinder.
The bat hits your quokka but does no damage.
You hit Grinder but do no damage.
Grinder is lightly wounded.
The bat barely misses you.
Your quokka bites the bat.
The bat dies!
Grinder hits you!
* * * LOW HITPOINT WARNING * * *
You writhe in agony.
You die...

<......# .......# .....#
##.#...# ....## ####
#.....# #..... #....
###.... #.... ......
#...# #....#.S....
#...#.#####...#_#.?...
>..#..........#.....w
...........@55..###
####+#.# ##...#.†r.......
.......####.#.#.....>.###
##..........#.#....#.#...
#...............#.#.# ##
##.....###.#####.#.# #
.......# #... #.#.#
###....####### #.#.#
............†# #.#


You could see Grinder (ally target), a ball python (asleep), a friendly crimson
imp (summoned) and a friendly quokka (summoned).

Vanquished Creatures
  A hound (D:3)
  A worm (D:2)
  2 dart slugs
  5 ball pythons
  4 bats
  An endoplasm (D:1)
  4 giant cockroaches (D:2)
  3 goblins
  3 hobgoblins
  3 kobolds
  A quokka (D:3)
28 creatures vanquished.

Vanquished Creatures (collateral kills)
  2 worms
  An orc (D:3)
  5 ball pythons (D:1)
  2 bats
  2 endoplasms (D:1)
  4 giant cockroaches (D:2)
  A goblin (D:1)
  A hobgoblin (D:1)
  3 jackals (D:3)
  2 quokkas (D:1)
  A rat (D:3)
24 creatures vanquished.

Grand Total: 52 creatures vanquished

Notes
Turn   | Place    | Note
-------+----------+-------------------------------------------
     0 | D:1      | DeathPants the Vine Stalker Summoner began the quest for
                  | the Orb.
     0 | D:1      | Reached XP level 1. HP: 9/9 MP: 4/4
     9 | D:1      | Found Lacwou's Magic Scroll Shoppe.
   209 | D:1      | Reached XP level 2. HP: 13/13 MP: 3/6
   212 | D:1      | Learned a level 2 spell: Call Imp
   519 | D:2      | Reached XP level 3. HP: 16/16 MP: 8/8
   617 | D:1      | Found Menace's Distillery.
   775 | D:1      | Bought a scroll of identify for 26 gold pieces
   775 | D:1      | Bought a scroll of identify for 26 gold pieces
   899 | D:2      | Learned a level 3 spell: Call Canine Familiar
  1643 | D:3      | Found a broken altar of Ashenzari.
  1731 | D:3      | Gained mutation: Your natural rate of healing is unusually
                  | fast. [Vine Stalker growth]
  1731 | D:3      | Reached XP level 4. HP: 18/21 MP: 5/9
  1999 | D:3      | Reached skill level 1 in Fighting
  2109 | D:3      | Found a faded altar of an unknown god.
  2115 | D:3      | Noticed Grinder
  2124 | D:3      | HP: 1/22 [Grinder (6)]
  2124 | D:3      | Slain by Grinder

Illustrated notes

Levels and vault maps discovered:
D:1:      saegor_arrival_miasma, layout_basic, serial_shops, shop,
          nicolae_shop_crystal
D:2:      minmay_roachtagon, layout_loops_ring, hangedman_decor_push
D:3:      layout_basic, nicolae_ashenzari_panopticon,
          chequers_ecumenical_altar_simple, uniq_grinder
D:4:      layout_basic, minmay_cupped

Skill      XL: |  1  2  3  4 |
---------------+-------------+-----
Spellcasting   | 3 |  3.5
Fighting       | 1 |  1.3
Dodging        | |  1.5
Stealth        | |  2.4
Summonings     | |  4.9

Action                     |  1- 3 |  4- 6 || total
---------------------------+-------+-------++-------
  Melee: Unarmed           |     8 |       ||     8
         Bite              |    16 |     5 ||    21
         Dagger            |    66 |    25 ||    91
         Punch             |     2 |       ||     2
   Cast: Summon Small Mamm |    15 |     2 ||    17
         Call Imp          |    12 |     4 ||    16
    Use: Scroll            |     6 |       ||     6
   Stab: Distracted        |     1 |       ||     1
         Sleeping          |     3 |     1 ||     4
 Armour: Robe              |    27 |     4 ||    31
  Dodge: Dodged            |    67 |    22 ||    89

Table legend: (Time is in decaauts)
 A = Elapsed time spent in this place.
 B = Non-inter-level travel time spent in this place.
 C = Inter-level travel time spent in this place.
 D = Time resting spent in this place.
 E = Time spent auto-exploring this place.
 F = Levels seen in this place.
 G = Mean time per level.
                   A        B        C        D        E       F      G
               +--------+--------+--------+--------+--------+-----+--------+
         Total |   2124 |   2075 |     49 |     46 |   1468 |   4 |  531.0 |
       Dungeon |   2124 |   2075 |     49 |     46 |   1468 |   4 |  531.0 |
               +--------+--------+--------+--------+--------+-----+--------+

Top non-repeatable levels by time:
     D:2: 811 daAuts
     D:1: 758 daAuts
     D:3: 552 daAuts
     D:4: 1 daAuts
